 Dungeon Crawl Stone Soup version 0.21-a0-401-g0b6bec4 (webtiles) character file.

27 kae the Digger (level 3, -1/19 HPs)
             Began as a Gargoyle Earth Elementalist on Oct 23, 2017.
             Slain by Sigmund
             ... wielding a +0 scythe
              (10 damage)
             ... on level 2 of the Dungeon.
             The game lasted 00:01:05 (1414 turns).

kae the Digger (Gargoyle Earth Elementalist)        Turns: 1414, Time: 00:01:06

Health: -1/19      AC:  5    Str: 14    XL:     3   Next: 10%
Magic:  6/6        EV: 12    Int: 16    God:
Gold:   82         SH:  0    Dex: 10    Spells: 2/6 levels left

rFire    . . .     SeeInvis .   h - +0 club
rCold    . . .     Gourm    .   (no shield)
rNeg     + . .     Faith    .   c - +0 robe
rPois    ∞         Spirit   .   (no helmet)
rElec    +         Reflect  .   (no cloak)
rCorr    .         Harm     .   (no gloves)
MR       .....                  (no boots)
Stlth    ++........             (no amulet)
HPRegen  0.06/turn              f - +3 ring of strength
MPRegen  0.10/turn              g - ring of flight

@: no status effects
A: negative energy resistance 1, electricity resistance, unbreathing,
petrification resistance, rot immunity, AC +3
a: Evoke Flight


You were on level 2 of the Dungeon.
You were not hungry.

You visited 1 branch of the dungeon, and saw 2 of its levels.

You collected 82 gold pieces.

Inventory:

Hand Weapons
 h - a +0 club (weapon)
Missiles
 b - 58 stones (quivered)
Armour
 c - a +0 robe (worn)
Jewellery
 f - a +3 ring of strength (left hand)
 g - a ring of flight (right hand)
Scrolls
 a - 2 scrolls of identify
 i - a scroll of noise {unknown}
 k - a scroll of immolation {unknown}
 n - a scroll of enchant armour {unknown}
Potions
 j - a potion of cancellation {unknown}
 l - a potion of curing {unknown}
 o - a potion of flight {unknown}
 q - 2 potions of degeneration
Books
 e - a book of Geomancy

   Spells                             Type                      Level
   a - Sandblast                      Earth                        1
   b - Passwall                       Transmutation/Earth          2
   c - Stone Arrow                    Conjuration/Earth            3
   d - Petrify                        Transmutation/Earth          4
   e - Lee's Rapid Deconstruction     Earth                        5
Comestibles
 d - 2 bread rations
 m - a royal jelly
 p - a fruit
 r - 3 chunks of flesh


   Skills:
 - Level 1.8 Dodging
 - Level 2.6 Stealth
 + Level 2.4 Spellcasting
 + Level 0.1 Conjurations
   Level 0.7 Transmutations
 + Level 4.1 Earth Magic


You had 2 spell levels left.
You knew the following spells:

 Your Spells              Type           Power        Failure   Level  Hunger
a - Sandblast             Erth           ###...       3%          1    #......
b - Stone Arrow           Conj/Erth      #.....       24%         3    ###....


Dungeon Overview and Level Annotations

Branches:
Dungeon (1/15)

Altars:

Annotations:
D:2 Sigmund


Innate Abilities, Weirdness & Mutations

You are resistant to torment.
Your stone body is resilient. (AC +3)
You are immune to poison.
You resist negative energy. (rN+)
You are resistant to electric shocks. (rElec)
You can survive without breathing.
You are immune to petrification.
You are immune to rotting.


Message History

Sigmund mumbles some strange words.
Sigmund flickers and vanishes!
Deactivating autopickup; reactivate with Ctrl-A.
The giant cockroach misses you.
You hit the giant cockroach but do no damage.
The giant cockroach barely misses you.
You hit the giant cockroach.
You kill the giant cockroach!
Something hits you but does no damage.
You hit the kobold but do no damage. The kobold hits you with a club.
Something hits you!
You are too injured to fight recklessly!
You are too injured to fight recklessly!
Unknown command.
As you read the scroll labeled JYCKOEFRECIO, it crumbles to dust.
It is a scroll of identify.
q - 2 potions of degeneration The kobold closely misses you.
Something hits you!
Ouch! That really hurt!
You die...

##### #....
#.#.### #
#.....#
...##.....##
...........#
.####.K@(..#
#..........
#{#.##.####
...#.# .#
#####.# #
###


You could see a kobold.

Vanquished Creatures
  2 dart slugs (D:1)
  2 leopard geckos (D:1)
  2 bats (D:1)
  2 giant cockroaches
  3 hobgoblins (D:1)
  3 frilled lizards (D:1)
  5 kobolds (D:1)
19 creatures vanquished.

Notes
Turn   | Place    | Note
-------+----------+-------------------------------------------
     0 | D:1      | kae the Gargoyle Earth Elementalist began the quest for the Orb.
     0 | D:1      | Reached XP level 1. HP: 10/10 MP: 3/3
   117 | D:1      | Reached XP level 2. HP: 9/15 MP: 3/5
   887 | D:1      | Reached skill level 4 in Earth Magic
  1001 | D:1      | Reached XP level 3. HP: 17/19 MP: 6/6
  1043 | D:1      | Learned a level 3 spell: Stone Arrow
  1405 | D:1      | You fall through a shaft!
  1410 | D:2      | Noticed Sigmund
  1414 | D:2      | Slain by Sigmund

Vault maps used:
D:1:      minmay_arrival_cross
D:2:      marbit_many_paths, uniq_sigmund, uniq_crazy_yiuf_cottage

Skill      XL: |  1  2 |
---------------+-------+-----
Earth Magic    | 4 |  4.1
Dodging        | |  1.8
Stealth        | |  2.6
Spellcasting   | |  2.4
Conjurations   | |  0.1
Transmutations | |  0.7

Action                   || total
-------------------------++-------
Melee: Unarmed           ||    17
       Club              ||    68
 Cast: Sandblast         ||    11
  Use: Scroll            ||     1
 Stab: Sleeping          ||     5
  Eat: Chunk             ||     2
Armor: Robe              ||    33
Dodge: Dodged            ||    67

Table legend:
 A = Spawn XP
 B = Non-spawn XP
 C = Spawn XP percentage of total XP
 D = Spawn monster count
 E = Non-spawn monster count
 F = Spawn count percentage of total count
 G = Total turns spent on level
                    A         B        C        D         E        F      G
               +---------+---------+-------+---------+---------+-------+---------
         Total |       0 |      39 |   0.0 |       0 |      19 |   0.0 |  1414
               +---------+---------+-------+---------+---------+-------+---------
           D:1 |       0 |      37 |   0.0 |       0 |      18 |   0.0 |  1405
           D:2 |       0 |       2 |   0.0 |       0 |       1 |   0.0 |     9
               +---------+---------+-------+---------+---------+-------+---------
